 Dungeon Crawl Stone Soup version 0.23.2-40-g277498a001 (webtiles) character file.

Game seed: 15233437970830803844

639 FishyPogo the Firebug (level 7, -5/55 HPs)
             Began as a Naga Fire Elementalist on Aug 15, 2019.
             Was a Follower of Sif Muna.
             Slain by an ogre
             ... wielding a +0 giant club
              (24 damage)
             ... on level 5 of the Dungeon.
             The game lasted 00:17:58 (3641 turns).

FishyPogo the Firebug (Naga Fire Elementalist)      Turns: 3641, Time: 00:17:59

Health: -5/55      AC:  8    Str: 10    XL:     7   Next: 50%
Magic:  6/13       EV:  8    Int: 18    God:    Sif Muna [*.....]
Gold:   209        SH:  0    Dex: 11    Spells: 8/14 levels left

rFire    + . .     SeeInvis +   r - +0 rapier
rCold    x . .     Gourm    .   (no shield)
rNeg     . . .     Faith    .   w - +0 robe (curse)
rPois    +         Spirit   .   b - +0 helmet
rElec    .         Reflect  .   (no cloak)
rCorr    .         Harm     .   (no gloves)
MR       .....                  y - +0 naga barding
Stlth    +++.......             (no amulet)
HPRegen  0.18/turn              n - ring of stealth
MPRegen  0.13/turn              s - ring of fire

@: very slow
A: large, see invisible, deformed body, poison resistance, slowness 2, slow
metabolism 1, spit poison 1, AC +2
a: Spit Poison, Divine Energy, Renounce Religion


You were on level 5 of the Dungeon.
You worshipped Sif Muna.
Sif Muna was aware of your devotion.
You were not hungry.

You visited 1 branch of the dungeon, and saw 5 of its levels.

You collected 209 gold pieces.

Inventory:

Hand Weapons
 r - a +0 rapier (weapon)
Armour
 b - a +0 helmet (worn)
 w - a cursed +0 robe (worn)
 y - a +0 naga barding (worn)
Jewellery
 n - a ring of stealth (left hand)
 s - a ring of fire (right hand)
 x - an uncursed ring of stealth
 A - a cursed ring of teleportation {unknown}
Scrolls
 f - 5 scrolls of teleportation {unknown}
 h - a scroll of fog {unknown}
 k - a scroll of remove curse {unknown}
 l - 2 scrolls of enchant weapon {unknown}
 m - a scroll of blinking {unknown}
 o - 6 scrolls of identify {unknown}
 v - a scroll of magic mapping {unknown}
Potions
 a - a potion of mutation {unknown}
 d - a potion of brilliance {unknown}
 e - 3 potions of agility {unknown}
 g - a potion of haste {unknown}
 i - a potion of resistance {unknown}
 j - 3 potions of might {unknown}
 p - a potion of heal wounds {unknown}
 q - a potion of lignification {unknown}
 t - 2 potions of flight {unknown}
 u - a potion of curing {unknown}
Comestibles
 c - 12 rations
 z - 8 chunks of flesh


   Skills:
 + Level 2.8 Dodging
 - Level 3.0 Stealth
 * Level 4.4 Spellcasting
 + Level 3.0 Conjurations
 * Level 5.2 Fire Magic
 * Level 2.5 Invocations


You had 8 spell levels left.
You knew the following spells:

 Your Spells              Type           Power        Failure   Level  Hunger
a - Flame Tongue          Conj/Fire      ####.        2%          1    None
b - Throw Flame           Conj/Fire      ####..       4%          2    ##.....
d - Conjure Flame         Conj/Fire      ####....     8%          3    ###....

Your spell library contained the following spells:

 Spells                   Type           Power        Failure   Level  Hunger
 Inner Flame              Hex/Fire       ###.....     14%         3    ###....
 Sticky Flame             Conj/Fire      ####....     26%         4    ####...
 Fireball                 Conj/Fire      ####......   58%         5    ######.


Dungeon Overview and Level Annotations

Branches:
Dungeon (5/15)
 Temple: D:4-7

Altars:
Sif Muna
Trog
Wu Jian
Yredelemnul

Shops:
D:5 ?


Innate Abilities, Weirdness & Mutations

You cannot wear boots.
Your serpentine skin is tough. (AC +2)
You have supernaturally acute eyesight. (SInv)
Armour fits poorly on your strangely shaped body.
Your system is resistant to poisons. (rPois)
You cover ground very slowly.
You have a slow metabolism.
You can spit poison.


Message History

Aim: an ogre, wielding a +0 giant club (heavily wounded)
You feel a surge of power!
The flame tongue misses the ogre.
The ogre hits you with a +0 giant club!
Casting: Flame Tongue (safe; 2% risk of failure)
Confirm with . or Enter, or press ? or * to list all spells.
Aiming: Flame Tongue (safe; 2% risk of failure)
Press: ? - help, Shift-Dir - straight line, f/p - ogre
Aim: an ogre, wielding a +0 giant club (heavily wounded)
You feel a surge of power!
The flame tongue hits the ogre.
The ogre is severely wounded.
The ogre hits you with a +0 giant club.
Casting: Flame Tongue (safe; 2% risk of failure)
Confirm with . or Enter, or press ? or * to list all spells.
Aiming: Flame Tongue (safe; 2% risk of failure)
Press: ? - help, Shift-Dir - straight line, f/p - ogre
Aim: an ogre, wielding a +0 giant club (heavily wounded)
You feel a surge of power!
The flame tongue misses the ogre.
You have got your breath back.
The ogre hits you with a +0 giant club!!
You die...

### ..##
#.###...####
#########.##?.......
........#.##@O..#
#<#.##.#!## #.#.##.#
# ..# ###.#.##.# ..#
#.....##.#.#.#. ..#
#.#...........?. #.#
#<()........>... #>#
#.##.###........ #.#
#.##.# ######.##


You could see an ogre.

Vanquished Creatures
  A centaur (D:5)
  2 scorpions
  A howler monkey (D:5)
  2 centaur skeletons
  2 hounds (D:5)
  3 orc wizards
  A worker ant (D:5)
  A hound skeleton (D:4)
  A worker ant zombie (D:3)
  4 gnolls
  3 adders
  An ooze (D:4)
  An adder skeleton (D:4)
  3 worms
  A dart slug (D:2)
  6 leopard geckos
  11 orcs
  3 ball pythons
  2 giant cockroaches
  3 hobgoblins (D:1)
  7 jackals
  3 quokkas
  6 bats
  5 frilled lizards
  6 goblins
  A jackal skeleton (D:4)
  A jackal zombie (D:5)
  8 kobolds
  4 rats (D:1)
93 creatures vanquished.

Notes
Turn   | Place    | Note
-------+----------+-------------------------------------------
     0 | D:1      | FishyPogo the Naga Fire Elementalist began the quest for
                  | the Orb.
     0 | D:1      | Reached XP level 1. HP: 15/15 MP: 3/3
   112 | D:1      | Reached XP level 2. HP: 21/22 MP: 5/5
   212 | D:1      | Learned a level 2 spell: Throw Flame
   689 | D:2      | Found an ornate altar of the Wu Jian Council.
   782 | D:2      | Reached XP level 3. HP: 28/28 MP: 4/6
   903 | D:2      | Found a deep blue altar of Sif Muna.
   909 | D:2      | Became a worshipper of Sif Muna the Loreminder
   933 | D:2      | Found a bloodstained altar of Trog.
  1071 | D:2      | Learned a level 3 spell: Conjure Flame
  1162 | D:2      | Reached XP level 4. HP: 36/36 MP: 3/8
  1833 | D:3      | Reached skill level 4 in Fire Magic
  1833 | D:3      | Reached XP level 5. HP: 38/42 MP: 1/9
  2586 | D:4      | Reached * piety under Sif Muna
  2586 | D:4      | Reached XP level 6. HP: 49/49 MP: 4/11
  2974 | D:4      | Reached skill level 1 in Invocations
  3212 | D:5      | Entered Level 5 of the Dungeon
  3293 | D:5      | Found Venest's Magic Scroll Shoppe.
  3338 | D:5      | Reached XP level 7. HP: 55/55 MP: 13/13
  3344 | D:5      | Found a basalt altar of Yredelemnul.
  3393 | D:5      | Reached skill level 5 in Fire Magic
  3641 | D:5      | Slain by an ogre

Skill      XL: |  1  2  3  4  5  6  7 |
---------------+----------------------+-----
Dodging        | 2 |  2.8
Spellcasting   | 3 4 |  4.4
Fire Magic     | 4 5 |  5.2
Conjurations   | 2 3 |  3.0
Invocations    | 1 2 |  2.5
Stealth        | |  3.0

Action                   |  1- 3 |  4- 6 |  7- 9 || total
-------------------------+-------+-------+-------++-------
Melee: Unarmed           |    11 |     4 |       ||    15
       Rapier            |       |    30 |     4 ||    34
 Cast: Flame Tongue      |    23 |    43 |    16 ||    82
       Throw Flame       |    13 |    23 |     8 ||    44
 Abil: Spit Poison       |    19 |    21 |     8 ||    48
 Stab: Sleeping          |       |     6 |     1 ||     7
  Eat: Chunk             |     2 |     8 |     2 ||    12
Armor: Robe              |    13 |     7 |     4 ||    24
Dodge: Dodged            |    22 |    34 |     1 ||    57
